 Dungeon Crawl Stone Soup version 0.28.0-43-g3370ac3207 (webtiles) character file.

Game seed: 14918238895424884939

161 Gabide the Magician (level 5, 0/37 HPs)
             Began as a Gnoll Hedge Wizard on Mar 25, 2022.
             Killed by divine providence
             ... invoked by an orc priest
              (14 damage)
             ... on level 4 of the Dungeon.
             The game lasted 00:20:03 (3692 turns).

Gabide the Magician (Gnoll Hedge Wizard)            Turns: 3692, Time: 00:20:05

Health: 0/37       AC:  6    Str: 10    XL:     5   Next: 42%
Magic:  1/14       EV: 13    Int: 15    God:
Gold:   94         SH:  0    Dex: 11    Spells: 8/18 levels left

rFire   . . .      SeeInvis .   j - +0 halberd
rCold   . . .      Faith    .   (shield currently unavailable)
rNeg    . . .      Spirit   .   b - +0 robe
rPois   .          Reflect  .   c - +0 hat
rElec   .          Harm     .   g - +0 cloak
rCorr   .          Rampage  .   f - +0 pair of gloves
Will    .....                   e - +1 pair of boots
Stlth   ++........              (no amulet)
HPRegen 0.12/turn               (no ring)
MPRegen 0.14/turn               (no ring)

@: about to teleport
A: fangs 1, strong nose, distributed training
a: no special abilities


You were on level 4 of the Dungeon.
You visited 1 branch of the dungeon, and saw 4 of its levels.

You collected 94 gold pieces.

Inventory:

Hand Weapons
 a - a +0 dagger
 j - a +0 halberd (weapon)
 n - a +0 trident
 q - a +0 scimitar
Armour
 b - a +0 robe (worn)
 c - a +0 hat (worn)
 e - a +1 pair of boots (worn)
 f - a +0 pair of gloves (worn)
 g - a +0 cloak (worn)
Jewellery
 i - an amulet of guardian spirit
Scrolls
 d - a scroll of noise {unknown}
 h - 2 scrolls of immolation
 k - a scroll of teleportation
 m - a scroll of amnesia {unknown}
 o - 2 scrolls of fear {unknown}
 r - a scroll of identify
Potions
 l - a potion of resistance
 p - 3 potions of curing


   Skills:
 + Level 1.4 Fighting
 + Level 1.4 Short Blades
 + Level 1.4 Long Blades
 + Level 1.4 Axes
 + Level 1.4 Maces & Flails
 + Level 1.4 Polearms
 + Level 1.4 Staves
 + Level 1.4 Slings
 + Level 1.4 Bows
 + Level 1.4 Crossbows
 + Level 1.4 Throwing
 + Level 1.4 Armour
 + Level 4.8 Dodging
 + Level 4.4 Stealth
 + Level 1.4 Shields
 + Level 1.4 Unarmed Combat
 + Level 7.3 Spellcasting
 + Level 2.4 Conjurations
 + Level 1.1 Hexes
 + Level 2.4 Summonings
 + Level 1.1 Necromancy
 + Level 2.4 Translocations
 + Level 1.1 Transmutations
 + Level 1.1 Fire Magic
 + Level 1.1 Ice Magic
 + Level 1.1 Air Magic
 + Level 1.1 Earth Magic
 + Level 1.1 Poison Magic
 + Level 1.6 Invocations
 + Level 1.4 Evocations


You had 8 spell levels left.
You knew the following spells:

 Your Spells              Type           Power      Damage    Failure   Level
a - Magic Dart            Conj           48%        1d5       4%          1
b - Slow                  Hex            36%        N/A       8%          1
c - Call Imp              Summ           12%        N/A       8%          2
d - Blink                 Tloc           24%        N/A       8%          2
e - Conjure Flame         Conj/Fire      10%        6-21      19%         3
f - Shock                 Conj/Air       40%        1d5       6%          1

Your spell library contained the following spells:

 Spells                   Type           Power      Damage    Failure   Level
 Mephitic Cloud           Conj/Pois/Air  10%        N/A       21%         3
 Swiftness                Air            9%         N/A       24%         3
 Airstrike                Air            4%         N/A       61%         4


Dungeon Overview and Level Annotations

Branches:
Dungeon (4/15)
 Temple: D:4-7

Altars:
Uskayaw
The Shining One


Innate Abilities, Weirdness & Mutations

You have very sharp teeth.
Your uncanny sense of smell can sniff out nearby items.
Your experience applies equally to all skills.


Message History

Aim: an iguana (72% to hit)
The zap hits the orc.
You kill the orc!
The zap hits the iguana.
The iguana is lightly wounded.
The orc priest barely misses your crimson imp.
Your crimson imp blinks!
Casting: Shock (safe; 6% risk of failure)
Confirm with . or Enter, or press ? or * to list all spells.
Aiming: Slow (safe; 8% risk of failure)
Press: ? - help, Shift-Dir - straight line, f/p - iguana
Aim: an iguana (lightly wounded, chance to affect: 55%)
The iguana seems to slow down.
The orc priest calls down the wrath of Beogh upon you.
Beogh smites you!
Your crimson imp blinks!
Aiming: Shock (safe; 6% risk of failure)
Press: ? - help, Q - select action, (/) - cycle Shift-Dir - straight line, f - orc priest, p - iguana
Aim: an orc priest, wielding a +0 club and wearing a +0 leather armour (moderately wounded, fast, 68% to hit)
The zap misses the orc priest. x2; The zap hits the iguana.
The iguana is moderately wounded.
The zap misses the iguana.
The orc priest looks satisfied for a moment.
Aiming: Shock (safe; 6% risk of failure)
Press: ? - help, Q - select action, (/) - cycle Shift-Dir - straight line, f/p - orc priest
Aim: an orc priest, wielding a +0 club and wearing a +0 leather armour (moderately wounded, fast, 68% to hit)
The zap hits the iguana.
The iguana is heavily wounded.
The zap hits the orc priest.
The orc priest is heavily wounded.
The zap hits the orc priest but does no damage.
The orc priest is heavily wounded.
The orc priest hits you with a +0 club.
As you read the scroll of teleportation, it crumbles to dust.
You feel strangely unstable.
Your crimson imp disappears in a puff of smoke!
The orc priest completely misses you.
The orc priest calls down the wrath of Beogh upon you.
Beogh smites you!
You die...

.....# #.##.#.#
###.## #......# ##'##
#####.#### ##...##
#........# #.....##
#.###.##.# .......##
#..##.##.#
........####...#.##.#
......).'...........#
........###.....@...#
.......## #...##o#..#
#.....## #.....l...#
##...## #.#.#..#..#
##+## #.#.#.##..#
#.#.#ยง##..#
#.#.......#
#l........#
#.####.#####


You could see an iguana (slow) and an orc priest (fast).

Vanquished Creatures
  2 gnolls
  2 adders
  A dart slug (D:3)
  An orc (D:4)
  3 bats (D:1)
  5 endoplasms
  2 giant cockroaches
  5 goblins
  6 hobgoblins
  A jackal (D:1)
  2 quokkas
  6 ball pythons
  2 frilled lizards
  7 kobolds
  3 rats
48 creatures vanquished.

Vanquished Creatures (collateral kills)
  2 gnolls (D:2)
  3 adders
  A dart slug (D:1)
  An orc (D:4)
  2 endoplasms
  3 goblins
  2 hobgoblins
  2 jackals (D:1)
  A kobold (D:4)
  A ball python (D:3)
18 creatures vanquished.

Grand Total: 66 creatures vanquished

Notes
Turn   | Place    | Note
-------+----------+-------------------------------------------
     0 | D:1      | Gabide the Gnoll Hedge Wizard began the quest for the Orb.
     0 | D:1      | Reached XP level 1. HP: 13/13 MP: 8/8
     2 | D:1      | Learned a level 1 spell: Slow
   307 | D:1      | Reached XP level 2. HP: 19/19 MP: 3/10
   364 | D:1      | Learned a level 2 spell: Call Imp
   367 | D:1      | Learned a level 2 spell: Blink
   732 | D:1      | Reached XP level 3. HP: 25/25 MP: 7/11
  1301 | D:1      | Learned a level 3 spell: Conjure Flame
  1317 | D:2      | Reached skill level 1 in Invocations
  1599 | D:2      | Reached skill level 1 in Fighting
  1599 | D:2      | Reached skill level 1 in Short Blades
  1599 | D:2      | Reached skill level 1 in Long Blades
  1599 | D:2      | Reached skill level 1 in Axes
  1599 | D:2      | Reached skill level 1 in Maces & Flails
  1599 | D:2      | Reached skill level 1 in Polearms
  1599 | D:2      | Reached skill level 1 in Staves
  1599 | D:2      | Reached skill level 1 in Slings
  1599 | D:2      | Reached skill level 1 in Bows
  1599 | D:2      | Reached skill level 1 in Crossbows
  1599 | D:2      | Reached skill level 1 in Throwing
  1599 | D:2      | Reached skill level 1 in Armour
  1599 | D:2      | Reached skill level 1 in Shields
  1599 | D:2      | Reached skill level 1 in Unarmed Combat
  1599 | D:2      | Reached skill level 1 in Evocations
  1668 | D:2      | Reached XP level 4. HP: 32/32 MP: 7/13
  2131 | D:3      | Found a faded altar of an unknown god.
  2309 | D:3      | Learned a level 1 spell: Shock
  2558 | D:2      | Reached skill level 1 in Hexes
  2558 | D:2      | Reached skill level 1 in Necromancy
  2558 | D:2      | Reached skill level 1 in Transmutations
  2558 | D:2      | Reached skill level 1 in Fire Magic
  2558 | D:2      | Reached skill level 1 in Ice Magic
  2558 | D:2      | Reached skill level 1 in Air Magic
  2558 | D:2      | Reached skill level 1 in Earth Magic
  2558 | D:2      | Reached skill level 1 in Poison Magic
  2727 | D:2      | Reached XP level 5. HP: 22/37 MP: 2/14
  2928 | D:3      | Found a glowing golden altar of the Shining One.
  3139 | D:3      | Found a hide-covered altar of Uskayaw.
  3692 | D:4      | Killed from afar by an orc priest

Illustrated notes

Levels and vault maps discovered:
D:1:      giann_horns, layout_basic, st_stairs_11
D:2:      layout_basic, hangedman_decor_clover_reticule
D:3:      layout_basic, nicolae_uskayaw_dance_hall, mainiacjoe_overflow_paths,
          ebering_ecumenical_altar_hall
D:4:      layout_loops_corners, serial_bayou_pond_b

Skill      XL: |  1  2  3  4 |
---------------+-------------+-----
Conjurations   | 2 |  2.4
Summonings     | 2 |  2.4
Translocations | 2 |  2.4
Invocations    | 1 |  1.6
Fighting       | 1 |  1.4
Short Blades   | 1 |  1.4
Long Blades    | 1 |  1.4
Axes           | 1 |  1.4
Maces & Flails | 1 |  1.4
Polearms       | 1 |  1.4
Staves         | 1 |  1.4
Slings         | 1 |  1.4
Bows           | 1 |  1.4
Crossbows      | 1 |  1.4
Throwing       | 1 |  1.4
Armour         | 1 |  1.4
Shields        | 1 |  1.4
Unarmed Combat | 1 |  1.4
Evocations     | 1 |  1.4
Hexes          | 1 |  1.1
Necromancy     | 1 |  1.1
Transmutations | 1 |  1.1
Fire Magic     | 1 |  1.1
Ice Magic      | 1 |  1.1
Air Magic      | 1 |  1.1
Earth Magic    | 1 |  1.1
Poison Magic   | 1 |  1.1
Dodging        | |  4.8
Stealth        | |  4.4
Spellcasting   | |  7.3

Action                   |  1- 3 |  4- 6 || total
-------------------------+-------+-------++-------
Melee: Dagger            |     8 |       ||     8
       Bite              |     1 |       ||     1
       Trident           |       |    10 ||    10
       Halberd           |       |     3 ||     3
 Cast: Magic Dart        |    67 |     9 ||    76
       Call Imp          |    10 |    28 ||    38
       Slow              |     1 |     2 ||     3
       Shock             |       |    49 ||    49
       Blink             |       |     2 ||     2
       Conjure Flame     |       |     1 ||     1
  Use: Scroll            |       |     5 ||     5
Armor: Robe              |     1 |     6 ||     7
Dodge: Dodged            |     6 |    26 ||    32
